[Event "56th Biel Festival Rapid 2023"]
[Site "Biel"]
[Date "2024.04.13"]
[Round "9.1"]
[White "Rodrigue-Lemieux, Shawn"]
[Black "Quesada Perez, Luis Ernesto"]
[Result "*"]
[WhiteElo "2495"]
[BlackElo "2553"]
[PlyCount "57"]
[EventDate "2023.07.16"]
[EventType "swiss"]
[EventCountry "SUI"]
[TimeControl "900+5"]

1. e4 e6 2. d4 d5 3. Nd2 dxe4 4. Nxe4 Nd7 5. g3 Ngf6 6. Nxf6+ Nxf6 7. Bg2 e5 8. Qe2 Qxd4 9. Nf3 Qe4 10. Qxe4 Nxe4 11. Nxe5 Nd6 12. O-O Bf5 13. Nc6 Be4 14. Bxe4 Nxe4 15. Re1 bxc6 16. Rxe4+ Kd7 17. Be3 Bd6 18. Rd1 Rhe8 19. Rh4 h6 20. Rg4 g5 21. Ra4 Re5 22. h4 c5 23. hxg5 hxg5 24. Kg2 Kc6 25. Rh1 Kb7 26. Rh7 f6 27. Rf7 Rf8 28. Rxf8 Bxf8 29. Kf3 *

[Event "56th Biel Festival Rapid 2023"]
[Site "Biel"]
[Date "2024.04.13"]
[Round "9.2"]
[White "Pranav Anand"]
[Black "Yuffa, Daniil"]
[Result "*"]
[WhiteElo "2510"]
[BlackElo "2603"]
[PlyCount "38"]
[EventDate "2023.07.16"]
[EventType "swiss"]
[EventCountry "SUI"]
[TimeControl "900+5"]

1. d4 Nf6 2. c4 g6 3. h4 c5 4. d5 b5 5. cxb5 a6 6. e3 Bg7 7. Nc3 d6 8. a4 O-O 9. Nf3 Bg4 10. Ra3 axb5 11. Bxb5 Na6 12. e4 Nb4 13. Bg5 Nd7 14. Be2 Nb6 15. Qd2 f5 16. Nh2 Bxe2 17. Qxe2 f4 18. h5 Qe8 19. h6 Bh8 *

[Event "56th Biel Festival Rapid 2023"]
[Site "Biel"]
[Date "2024.04.13"]
[Round "9.3"]
[White "Materia, Marco"]
[Black "Bharath Subramaniyam H"]
[Result "*"]
[WhiteElo "2436"]
[BlackElo "2488"]
[PlyCount "46"]
[EventDate "2023.07.16"]
[EventType "swiss"]
[EventCountry "SUI"]
[TimeControl "900+5"]

1. d4 Nf6 2. c4 e6 3. Nf3 Bb4+ 4. Bd2 c5 5. Bxb4 cxb4 6. Nbd2 O-O 7. g3 b6 8. Bg2 Bb7 9. O-O Qe7 10. Re1 d6 11. e4 e5 12. a3 bxa3 13. Rxa3 Nc6 14. Rd3 a5 15. Nb1 Rac8 16. Na3 Nb4 17. Rde3 Rfd8 18. b3 Ba6 19. Qd2 Nc6 20. Rd3 Nd7 21. Bh3 Nb4 22. Rc3 Rb8 23. Nh4 g6 *

[Event "56th Biel Festival Rapid 2023"]
[Site "Biel"]
[Date "2024.04.13"]
[Round "9.4"]
[White "Saraci, Nderim"]
[Black "Vincenti, Leonardo"]
[Result "*"]
[WhiteElo "2472"]
[BlackElo "2117"]
[PlyCount "45"]
[EventDate "2023.07.16"]
[EventType "swiss"]
[EventCountry "SUI"]
[TimeControl "900+5"]

1. Nf3 d5 2. g3 c6 3. Bg2 Bg4 4. O-O Nf6 5. d3 Nbd7 6. h3 Bh5 7. Nc3 e5 8. e4 d4 9. Ne2 Bd6 10. Nh4 O-O 11. Qe1 Bxe2 12. Qxe2 Re8 13. Nf5 Bf8 14. f4 h6 15. Bd2 Kh7 16. fxe5 Nxe5 17. Qf2 c5 18. Nxh6 gxh6 19. Qxf6 Qxf6 20. Rxf6 Bg7 21. Rf2 c4 22. Bf1 Rac8 23. Bf4 *

[Event "56th Biel Festival Rapid 2023"]
[Site "Biel"]
[Date "2024.01.27"]
[Round "9.5"]
[White "Harikrishnan.A.Ra"]
[Black "Akshit Kumar J"]
[Result "*"]
[WhiteElo "2406"]
[BlackElo "2105"]
[Annotator "TA"]
[PlyCount "38"]
[EventDate "2023.07.16"]
[EventType "swiss"]
[EventCountry "SUI"]
[TimeControl "900+5"]

1. d4 d5 2. Nf3 Nf6 3. c3 Bf5 4. Qb3 Qc8 5. c4 e6 6. Nc3 c6 7. Bg5 Nbd7 8. e3 Bd6 9. Rc1 O-O 10. Be2 h6 11. Bh4 Re8 12. O-O dxc4 13. Bxc4 Qc7 14. Bg3 Bxg3 15. hxg3 Ne4 16. Rfd1 Rad8 17. Qa3 Qb8 18. Nxe4 Bxe4 19. Nd2 Bg6 {[%emt 0:00:07] An uneventful encounter.   Weighted Error Value: White=0.08 (flawless) /Black=0.09 (flawless) .  OK:         	White=1     	Black=2} *

[Event "56th Biel Festival Rapid 2023"]
[Site "Biel"]
[Date "2024.01.27"]
[Round "9.6"]
[White "Erdos, Viktor"]
[Black "Toktomushev, Teimur"]
[Result "*"]
[WhiteElo "2571"]
[BlackElo "2206"]
[Annotator "TA"]
[PlyCount "27"]
[EventDate "2023.07.16"]
[EventType "swiss"]
[EventCountry "SUI"]
[TimeControl "900+5"]

1. e4 c5 2. Nf3 e6 3. b3 d6 4. Bb2 Nf6 5. e5 dxe5 6. Nxe5 Qc7 7. Na3 a6 8. Qf3 Bd7 {[%emt 0:03:27] The position is equal.} (8... Ra7 $5) 9. Nac4 Nc6 10. Nxd7 Nxd7 11. g3 Rc8 12. Bg2 b5 {[%emt 0:00:31] [#]} 13. Ne3 {[%emt 0:01:08] White is more active.} Nd4 14. Qb7 {[%emt 0:00:05] Weighted Error Value: White=0.13 (very precise) /Black=0.20 (precise) .  Inaccurate:     	White=1     	Black=3      OK:         	White=3     	Black=2      Best:        	White=1     	Black=1} *

[Event "56th Biel Festival Rapid 2023"]
[Site "Biel"]
[Date "2024.01.27"]
[Round "9.7"]
[White "Ouellet, Maili-Jade"]
[Black "Huang, Renjie"]
[Result "*"]
[WhiteElo "2201"]
[BlackElo "2445"]
[Annotator "TA"]
[PlyCount "48"]
[EventDate "2023.07.16"]
[EventType "swiss"]
[EventCountry "SUI"]
[TimeControl "900+5"]

1. d4 Nf6 2. c4 g6 3. f3 d5 4. cxd5 Nxd5 5. e4 Nb6 6. Nc3 Bg7 7. Be3 O-O 8. Qd2 Nc6 9. O-O-O f5 10. e5 Nb4 11. Nh3 N6d5 (11... a5 $14) 12. Bc4 $16 {[%emt 0:01:22] [#] Strongly threatening a3.} e6 13. Bg5 Qd7 14. Kb1 (14. Nxd5 {simplifies} Nxd5 15. Kb1 c6 16. Nf2) 14... a5 15. Nf4 (15. Bxd5 {simplifies} Nxd5 16. Nxd5 exd5 17. Nf2) 15... c6 (15... h6 $142) 16. Na4 (16. Bxd5 $142 Nxd5 17. Nfxd5 exd5 18. Ka1) 16... h6 {[%emt 0:00:53] [#]} (16... Qf7 $16) 17. Nxd5 $2 (17. Bxd5 $1 $18 Qe8 18. Bb3 hxg5 19. Nh3 (19. Nb6 gxf4 20. Nxa8 Qd8 $16)) 17... cxd5 $11 18. Nb6 Qc6 19. Nxa8 Qxc4 (19... dxc4 $11 20. Bxh6 f4 21. Bxg7 (21. Bxf4 Bd7 $17) 21... Kxg7) 20. b3 $14 (20. Bxh6 $2 {is a self mate.} Qxa2+ 21. Kc1 Qa1#) 20... Qa6 21. Bxh6 Qxa8 22. Qg5 (22. h4 $14 Bd7 23. a3) 22... Bd7 $11 {[%emt 0:00:22] And now ...a4 would win. The position is equal.} 23. Qxg6 Rf7 {[%emt 0:00:05] White must now prevent ...a4.} 24. a3 {[%emt 0:00:42] Really sharp!} Nc6 {[%emt 0:00:00] Weighted Error Value: White=0.33/Black=0.33.  Missed win:     	White=1     	---        Mistake:       	White=2     	Black=4      OK:         	White=5     	Black=8      Best:        	White=1     	Black=1} *

[Event "56th Biel Festival Rapid 2023"]
[Site "Biel"]
[Date "2024.01.27"]
[Round "9.8"]
[White "Huston, Gus"]
[Black "Erne, Raphael"]
[Result "*"]
[WhiteElo "2341"]
[BlackElo "2077"]
[Annotator "TA"]
[PlyCount "56"]
[EventDate "2023.07.16"]
[EventType "swiss"]
[EventCountry "SUI"]
[TimeControl "900+5"]

1. e4 c6 2. d4 d5 3. e5 c5 4. Nf3 cxd4 5. Nxd4 Nc6 6. Nxc6 bxc6 7. Bd3 e6 8. O-O {[%emt 0:00:04] The position is equal.} Ne7 9. Be3 Ng6 10. f4 Be7 11. g3 c5 12. c4 d4 13. Bc1 Bb7 14. Nd2 O-O 15. h4 Re8 (15... Bxh4 $5 16. gxh4 Qxh4 $11) 16. h5 Nf8 17. Qe2 f6 18. exf6 Bxf6 (18... gxf6 $11 {keeps the balance.} 19. f5 Kh8) 19. Ne4 $16 Rc8 20. Bd2 e5 21. f5 {[%emt 0:00:25] White has more active pieces.} ({White should try} 21. fxe5 $16 Bxe5 22. Qg4) 21... h6 $15 22. Rae1 Nh7 23. Qg4 Kh8 24. Rf2 Qe7 25. Rfe2 Bxe4 26. Bxe4 Rb8 27. b3 Qd7 28. Bd5 Rf8 {[%emt 0:00:21] Weighted Error Value: White=0.13 (very precise) /Black=0.13 (very precise) .  Mistake:       	White=1     	Black=1      Inaccurate:     	White=2     	Black=2      OK:         	White=8     	Black=7      Best:        	White=1     	---} *

[Event "56th Biel Festival Rapid 2023"]
[Site "Biel"]
[Date "2024.01.23"]
[Round "9.9"]
[White "Tkhoruk, Roman"]
[Black "Habibi, Ali"]
[Result "0-1"]
[WhiteElo "1803"]
[BlackElo "2171"]
[Annotator "TA"]
[PlyCount "50"]
[EventDate "2023.07.16"]
[EventType "swiss"]
[EventCountry "SUI"]
[TimeControl "900+5"]

1. d4 Nf6 2. Bg5 d5 3. Bxf6 exf6 4. e3 Be6 5. h3 Bd6 6. c3 O-O 7. Nd2 c6 8. Bd3 {[%emt 0:00:15] Die Stellung ist ausgeglichen.} f5 9. Qc2 g6 10. h4 Nd7 11. h5 Nf6 12. hxg6 fxg6 13. Ngf3 Ne4 14. Ke2 Qe7 15. Rh6 Rf7 16. Rah1 b5 17. Nh4 {[%emt 0:00:25][%cal Oh4g6] [#] Schwarz muss nun Nxg6! beachten.} Rg7 18. Bxe4 $2 {[%emt 0:01:36][%mdl 8192] Verliert die Partie.} (18. Nhf3 $17 {kämpft weiter.}) 18... fxe4 $19 ({Schwächer ist} 18... dxe4 19. g3 $17) 19. f4 Rf8 (19... g5 $142 {[%cal Og5f4] Und ...gxf4! würde nun gewinnen.} 20. g4 Bxg4+ (20... gxh4 $2 21. R1xh4 Bxg4+ 22. Ke1 $19) 21. Ke1 gxh4 22. R6xh4 Rf8) 20. Kd1 {[%emt 0:00:29] Weiss ist schwach auf den weissen Feldern} (20. g3 $142) 20... c5 21. g3 Bg4+ 22. Kc1 cxd4 23. exd4 b4 {[%emt 0:00:35] Schwarz steht klar auf Gewinn.} 24. Qb3 (24. c4 $142 e3 25. c5) 24... bxc3 25. bxc3 Qe6 {[%emt 0:01:04] Gewichteter Fehlerwert: Weiß=0.81/Schwarz=0.23 (präzise) .  Verlustzug:     	Weiß=1     	---        Fehler:       	Weiß=2     	Schwarz=1     Ungenau:       	Weiß=4     	Schwarz=1     OK:         	Weiß=5     	Schwarz=8     Bester:       	---       	Schwarz=1} 0-1

[Event "56th Biel Festival Rapid 2023"]
[Site "Biel"]
[Date "2024.04.13"]
[Round "9.11"]
[White "Kocharin, Timur"]
[Black "Illijin Neboisa"]
[Result "*"]
[WhiteElo "2225"]
[BlackElo "2140"]
[PlyCount "57"]
[EventDate "2023.07.16"]
[EventType "swiss"]
[EventCountry "SUI"]
[TimeControl "900+5"]

1. d4 Nf6 2. c4 e6 3. Nf3 d5 4. g3 dxc4 5. Bg2 c6 6. Ne5 Nbd7 7. Nxc4 Be7 8. O-O O-O 9. Nc3 c5 10. dxc5 Nxc5 11. Qc2 Bd7 12. Ne5 Qc8 13. Rd1 Rd8 14. Be3 Be8 15. Rac1 Rxd1+ 16. Rxd1 Na4 17. Rc1 Nxc3 18. Qxc3 Qxc3 19. Rxc3 Bd6 20. Nc4 Bb4 21. Rb3 a5 22. Bxb7 Rd8 23. Rd3 Rxd3 24. exd3 Nd5 25. a3 Nxe3 26. fxe3 Be7 27. Nxa5 Bb5 28. d4 Bd8 29. Nc6 *

[Event "56th Biel Festival Rapid 2023"]
[Site "Biel"]
[Date "2024.04.13"]
[Round "9.14"]
[White "Alic, Miran"]
[Black "Matta, Vinay Kumar"]
[Result "*"]
[WhiteElo "2011"]
[BlackElo "2111"]
[PlyCount "48"]
[EventDate "2023.07.16"]
[EventType "swiss"]
[EventCountry "SUI"]
[TimeControl "900+5"]

1. d4 Nf6 2. Nf3 e6 3. g3 c5 4. Bg2 d5 5. O-O Nc6 6. c4 dxc4 7. Ne5 Nd5 8. Nxc6 bxc6 9. Na3 cxd4 10. Qxd4 Qb6 11. Qxb6 axb6 12. Nxc4 Bc5 13. Ne5 Bb7 14. Rd1 f6 15. Nd3 Be7 16. e4 Nc7 17. e5 O-O-O 18. Be3 c5 19. f4 Bxg2 20. Kxg2 Nd5 21. Bf2 Kb7 22. b3 Nc3 23. Rd2 Rd5 24. Kf3 Rhd8 *

[Event "56th Biel Festival Rapid 2023"]
[Site "Biel"]
[Date "2024.04.13"]
[Round "9.16"]
[White "Toenz, Arthur"]
[Black "von Burg, Carl Alexander"]
[Result "*"]
[WhiteElo "2040"]
[BlackElo "1537"]
[PlyCount "47"]
[EventDate "2023.07.16"]
[EventType "swiss"]
[EventCountry "SUI"]
[TimeControl "900+5"]

1. d4 d5 2. Bf4 c5 3. dxc5 Nc6 4. e3 e6 5. Nf3 Bxc5 6. Be2 Nf6 7. O-O O-O 8. a3 Ne4 9. b4 Bd6 10. Bxd6 Qxd6 11. c4 dxc4 12. Bxc4 Ne5 13. Qxd6 Nxf3+ 14. gxf3 Nxd6 15. Bb3 e5 16. Nc3 Bh3 17. Rfd1 Nf5 18. Bd5 Rab8 19. Ne2 h6 20. f4 Bg4 21. Rd2 Bxe2 22. Rxe2 exf4 23. exf4 Nd4 24. Re7 *

[Event "56th Biel Festival Rapid 2023"]
[Site "Biel"]
[Date "2024.04.13"]
[Round "9.17"]
[White "Haugner, Jan"]
[Black "Paholok, Igor"]
[Result "*"]
[WhiteElo "2066"]
[BlackElo "1710"]
[PlyCount "37"]
[EventDate "2023.07.16"]
[EventType "swiss"]
[EventCountry "SUI"]
[TimeControl "900+5"]

1. e4 e6 2. d4 d5 3. Nc3 Bb4 4. e5 b6 5. Qg4 Bf8 6. Nf3 Bb7 7. Bg5 Qd7 8. Bb5 Nc6 9. O-O h6 10. Be3 O-O-O 11. a4 a5 12. h4 h5 13. Qh3 Nh6 14. Bxh6 gxh6 15. Ne2 Be7 16. Nf4 Rhg8 17. Nxh5 Rdf8 18. Nf6 Bxf6 19. exf6 *

[Event "56th Biel Festival Rapid 2023"]
[Site "Biel"]
[Date "2024.04.13"]
[Round "9.18"]
[White "Sukandar, Irine Kharisma"]
[Black "Wigger, Michael"]
[Result "*"]
[WhiteElo "2358"]
[BlackElo "1878"]
[PlyCount "67"]
[EventDate "2023.07.16"]
[EventType "swiss"]
[EventCountry "SUI"]
[TimeControl "900+5"]

1. e4 Nf6 2. e5 Nd5 3. c4 Nb6 4. d4 d6 5. exd6 cxd6 6. Nc3 g6 7. Be3 Bg7 8. Rc1 O-O 9. b3 Nc6 10. Be2 e5 11. Nf3 Bg4 12. dxe5 dxe5 13. c5 Nc8 14. O-O N8e7 15. h3 Bxf3 16. Bxf3 Nf5 17. Bxc6 bxc6 18. Qf3 Qc7 19. Ne4 Rad8 20. Bg5 f6 21. Be3 Rd3 22. Nd6 Nd4 23. Qe4 Ne2+ 24. Kh1 Nxc1 25. Rxc1 Rd5 26. Qc4 Kh8 27. b4 f5 28. f3 f4 29. Bf2 Rd2 30. Bh4 Rd4 31. Qe6 Rxb4 32. Be7 Rbb8 33. Bxf8 Rxf8 34. Rb1 *

[Event "56th Biel Festival Rapid 2023"]
[Site "Biel"]
[Date "2024.04.13"]
[Round "9.22"]
[White "Markus, David"]
[Black "Vianin, Pascal"]
[Result "*"]
[WhiteElo "1384"]
[BlackElo "2051"]
[PlyCount "73"]
[EventDate "2023.07.16"]
[EventType "swiss"]
[EventCountry "SUI"]
[TimeControl "900+5"]

1. e4 g6 2. d4 Bg7 3. Nc3 d6 4. Bf4 a6 5. Qd2 b5 6. a3 Nd7 7. Nf3 Bb7 8. Bd3 c5 9. d5 Rc8 10. O-O Ngf6 11. Rfe1 Nh5 12. Bh6 O-O 13. Bxg7 Kxg7 14. Rad1 Nhf6 15. h3 Ne8 16. Bf1 Ne5 17. Nxe5 dxe5 18. f4 Qd6 19. fxe5 Qxe5 20. Qe3 Nd6 21. Nb1 Qxb2 22. Qc3+ Qxc3 23. Nxc3 b4 24. Nb1 Nb5 25. Bxb5 axb5 26. axb4 cxb4 27. Rd2 Rc4 28. Kf2 Rfc8 29. Ree2 R8c7 30. g4 Bc8 31. Kf3 h5 32. gxh5 gxh5 33. h4 Bg4+ 34. Kf4 Bxe2 35. Rxe2 Rxc2 36. Nd2 b3 37. Rg2+ *

[Event "56th Biel Festival Rapid 2023"]
[Site "Biel"]
[Date "2024.04.13"]
[Round "9.23"]
[White "Ragios, Konstantinos"]
[Black "Schweizer, Samuel"]
[Result "*"]
[WhiteElo "1925"]
[BlackElo "2084"]
[PlyCount "44"]
[EventDate "2023.07.16"]
[EventType "swiss"]
[EventCountry "SUI"]
[TimeControl "900+5"]

1. e4 g6 2. d4 Bg7 3. Nf3 d6 4. Nc3 a6 5. Bf4 h6 6. Qd2 Bg4 7. h3 Bxf3 8. gxf3 Nc6 9. Be3 e5 10. dxe5 dxe5 11. Qxd8+ Nxd8 12. Nd5 Ne6 13. O-O-O O-O-O 14. Bc4 Rd6 15. f4 g5 16. f5 Nd8 17. Bb3 Nf6 18. Bc5 Nxe4 19. Bxd6 Nxd6 20. f6 Bf8 21. Rhe1 Nc6 22. c3 Kd7 *

[Event "56th Biel Festival Rapid 2023"]
[Site "Biel"]
[Date "2024.04.13"]
[Round "9.26"]
[White "Sai Mahati A"]
[Black "Angst, Robin"]
[Result "*"]
[WhiteElo "1669"]
[BlackElo "2215"]
[PlyCount "40"]
[EventDate "2023.07.16"]
[EventType "swiss"]
[EventCountry "SUI"]
[TimeControl "900+5"]

1. d4 f5 2. c4 Nf6 3. Nf3 g6 4. g3 Bg7 5. Bg2 O-O 6. O-O d6 7. Nc3 Nc6 8. d5 Na5 9. Qa4 c5 10. Bd2 Bd7 11. Nb5 b6 12. Bxa5 bxa5 13. Qd1 Ne4 14. Nd2 Bxb2 15. Nxe4 Bxa1 16. Nxc5 Bg7 17. Nxd7 Qxd7 18. Nd4 Bxd4 19. Qxd4 Rac8 20. Rc1 Rc5 *

[Event "56th Biel Festival Rapid 2023"]
[Site "Biel"]
[Date "2024.04.13"]
[Round "9.40"]
[White "Lang, Fabian"]
[Black "Chervet, Olivier"]
[Result "*"]
[WhiteElo "1914"]
[BlackElo "1963"]
[PlyCount "38"]
[EventDate "2023.07.16"]
[EventType "swiss"]
[EventCountry "SUI"]
[TimeControl "900+5"]

1. d4 d5 2. Nf3 Nc6 3. e3 Bg4 4. c4 e6 5. a3 Nf6 6. Nc3 Bd6 7. c5 Be7 8. b4 a6 9. Be2 O-O 10. Bb2 Nd7 11. O-O f5 12. Ne5 Bxe2 13. Nxe2 g5 14. f4 Ndxe5 15. dxe5 g4 16. g3 h5 17. Bd4 h4 18. Kf2 Kf7 19. Rh1 Rh8 *

[Event "56th Biel Festival Rapid 2023"]
[Site "Biel"]
[Date "2024.04.13"]
[Round "9.42"]
[White "Tedone, Francesco"]
[Black "Binzegger, Urs"]
[Result "*"]
[WhiteElo "1577"]
[BlackElo "1828"]
[PlyCount "60"]
[EventDate "2023.07.16"]
[EventType "swiss"]
[EventCountry "SUI"]
[TimeControl "900+5"]

1. e4 e5 2. Nf3 Nc6 3. c3 Nf6 4. d4 exd4 5. e5 Ng4 6. cxd4 d5 7. h3 Nh6 8. Bxh6 gxh6 9. Nc3 Be6 10. Bd3 Be7 11. a3 Qd7 12. Qd2 O-O-O 13. Rc1 Kb8 14. Bb5 Rdg8 15. Bxc6 Qxc6 16. Ne2 Qd7 17. Ng3 h5 18. h4 f5 19. Ng5 h6 20. Nxe6 Qxe6 21. Qc3 Bd8 22. Nxh5 Rxg2 23. Nf4 Qg8 24. Nxg2 Qxg2 25. Ke2 Qg6 26. Rhg1 Qf7 27. Qg3 f4 28. Qg7 f3+ 29. Ke3 Qe8 30. Rg6 Qb5 *

[Event "56th Biel Festival Rapid 2023"]
[Site "Biel"]
[Date "2024.04.13"]
[Round "9.50"]
[White "Girardin Elias"]
[Black "Zarriess, Benjamin"]
[Result "*"]
[WhiteElo "1419"]
[BlackElo "1698"]
[PlyCount "49"]
[EventDate "2023.07.16"]
[EventType "swiss"]
[EventCountry "SUI"]
[TimeControl "900+5"]

1. b3 d5 2. Bb2 Nf6 3. e3 e6 4. Nf3 Be7 5. c4 O-O 6. Be2 dxc4 7. bxc4 c5 8. O-O b6 9. d3 Nc6 10. Nbd2 Bb7 11. Rb1 Nb4 12. Qb3 Nc6 13. a4 Qc7 14. Bc3 Rab8 15. Rb2 Rfd8 16. Rfb1 Ba8 17. Qd1 h6 18. Nf1 Ne4 19. Bd2 Nxd2 20. Qxd2 Bf6 21. Rb3 Rd7 22. Qe1 Rbd8 23. Ng3 Na5 24. Ra3 Bxf3 25. gxf3 *